 Dungeon Crawl Stone Soup version 0.26.0-3-g156281e41b (webtiles) character file.

Game seed: 12355467925504071700

1523 Drevant2 the Summoner (level 8, -12/41 HPs)
             Began as a Tengu Summoner on Jan 9, 2021.
             Was an Initiate of Sif Muna.
             Killed from afar by Joseph (22 damage)
             ... with a bolt of acid
             ... on level 7 of the Dungeon.
             The game lasted 00:34:41 (10356 turns).

Drevant2 the Summoner (Tengu Summoner)             Turns: 10356, Time: 00:34:42

Health: -12/41     AC:  3    Str:  8      XL:     8   Next: 84%
Magic:  9/17       EV: 16    Int: 18      God:    Sif Muna [......]
Gold:   474        SH:  5    Dex: 12 (15) Spells: 12/18 levels left

rFire    . . .     SeeInvis .   B - +2 dagger (speed)
rCold    + . .     Faith    .   (no shield)
rNeg     . . .     Spirit   .   a - +0 robe
rPois    .         Reflect  +   r - +0 hat
rElec    .         Harm     .   (no cloak)
rCorr    .         Rampage  .   t - +0 pair of gloves
Will     .....                  (boots unavailable)
Stlth    ++........             c - amulet of reflection
HPRegen  0.13/turn              F - ring of protection from cold
MPRegen  0.15/turn              q - +4 ring of evasion

@: no status effects
A: beak, talons 3, able to fly
a: Fly, Renounce Religion


You were on level 7 of the Dungeon.
You worshipped Sif Muna.
Sif Muna was noncommittal.
You visited 2 branches of the dungeon, and saw 9 of its levels.
You also visited: Ossuary.

You collected 474 gold pieces.

Inventory:

Hand Weapons
 d - a +0 dagger
 B - a +2 dagger of speed (weapon)
Missiles
 i - 12 javelins
Armour
 a - a +0 robe (worn)
 r - a +0 hat (worn)
 t - a +0 pair of gloves (worn)
Jewellery
 c - an amulet of reflection (around neck)
 l - an uncursed ring of fire
 q - a +4 ring of evasion (right hand)
 A - an uncursed ring of fire
 D - a +6 ring of dexterity
 F - a ring of protection from cold (left hand)
Wands
 s - a wand of random effects (9)
Scrolls
 b - 6 scrolls of teleportation {unknown}
 e - a scroll of amnesia {unknown}
 h - 2 scrolls of enchant weapon {unknown}
 j - 3 scrolls of remove curse
 n - 3 scrolls of enchant armour {unknown}
 o - a scroll of noise {unknown}
 y - 2 scrolls of magic mapping {unknown}
Potions
 f - 5 potions of invisibility
 g - a potion of magic
 k - a potion of attraction {unknown}
 m - a potion of ambrosia
 p - a potion of degeneration
 u - 2 potions of berserk rage
 v - a potion of curing
 w - 2 potions of haste
 x - a potion of lignification {unknown}
 z - a potion of brilliance {unknown}
 C - a potion of heal wounds
 E - a potion of mutation {unknown}


   Skills:
 - Level 2.2 Dodging
 - Level 2.0 Stealth
 - Level 0.2 Unarmed Combat
 + Level 5.5 Spellcasting
 * Level 11.6 Summonings


You had 12 spell levels left.
You knew the following spells:

 Your Spells              Type           Power        Failure   Level
a - Summon Small Mammal   Summ           100%         1%          1
b - Call Imp              Summ           46%          1%          2
c - Call Canine Familiar  Summ           46%          1%          3

Your spell library contained the following spells:

 Spells                   Type           Power        Failure   Level
 Summon Guardian Golem    Hex/Summ       25%          3%          3
 Summon Ice Beast         Ice/Summ       25%          12%         4
 Summon Lightning Spire   Summ/Air       25%          12%         4
 Freeze                   Ice            20%          13%         1
 Frozen Ramparts          Ice            10%          36%         3
 Ozocubu's Armour         Ice            5%           36%         3
 Hailstorm                Conj/Ice       5%           77%         4


Dungeon Overview and Level Annotations

Branches:
Dungeon (8/15)             Temple (1/1) D:7         Ossuary (visited)
   Lair: D:8-11

Altars:
Ashenzari
Dithmenos
Elyvilon
Fedhas
Gozag
Hepliaklqana
Kikubaaqudgha
Makhleb
Nemelex Xobeh
Okawaru
Qazlal
Ru
Sif Muna
Trog
Uskayaw
Vehumet
Wu Jian
Xom
Yredelemnul
Zin
The Shining One

Shops:
D:4 :

Annotations:
D:7 Harold, Joseph


Innate Abilities, Weirdness & Mutations

You have a beak for a mouth.
You have claws for feet.
You can fly continuously.


Message History

The sling bullet hits Joseph.
Your wolf closely misses Joseph.
Your wolf bites Joseph!
Your crimson imp barely misses Joseph.
Joseph zaps a wand.
The bolt of acid hits your crimson imp!
Your crimson imp is splashed with acid.
The acid corrodes your crimson imp! The bolt of acid misses you.
Your wolf barely misses Joseph.
Your crimson imp blinks!
Your wolf bites Joseph!
Your crimson imp misses Joseph.
You hit Joseph.
Joseph is severely wounded.
Your wolf bites Joseph.
Joseph zaps a wand.
The bolt of acid hits you!
You are splashed with acid!
* * * LOW HITPOINT WARNING * * *
You hit Joseph but do no damage.
Joseph is severely wounded.
Your wolf misses Joseph.
Your crimson imp hits Joseph.
Your crimson imp blinks!
Your wolf closely misses Joseph.
Joseph zaps a wand.
The bolt of acid hits you!!
Ouch! That really hurt!
You die...

#..........# #...#
...........#####
......######
#......(...##...
..............
#..........##...
.@.....>......
#..........##..!
...........#.#
#..........##...##
......####.#.#
######........#..#
.##### #.....
#.....#.# #5##'######
#..#.#
#...##..###@@(......#
#.....
#..##...##...h......#
#.##.#
#.##....##..(.......#
# #<.. #.#
#.>..#..........#
#.#...
#.###.....#..ยง......#
#.#..#
#..#...##...........#
#.#.(#
##....####..........#
#.#..#
#.....####.........#
#.#...
#........#.........#
#.#...


You could see Joseph, a friendly wolf (summoned) and a friendly crimson imp
(summoned).

Vanquished Creatures
  A centaur (D:5)
  2 scorpions
  A bullfrog zombie (D:7)
  A quasit (D:7)
  2 bullfrog skeletons (D:6)
  2 hounds
  4 orc wizards
  Natasha (twice) (D:4)
  2 worker ants
  A big kobold zombie (Ossuary)
  A hound skeleton (D:4)
  A worker ant zombie (D:6)
  An adder (D:3)
  A white imp (D:5)
  An ufetubus (D:6)
  2 oozes
  A dart slug (D:2)
  3 leopard geckos
  8 orcs
  5 bats
  3 giant cockroaches
  5 goblins
  7 hobgoblins
  6 jackals
  2 kobolds (D:3)
  3 frilled lizards
  A goblin zombie (Ossuary)
  4 hobgoblin zombies (Ossuary)
  A jackal zombie (D:5)
  9 kobold zombies (Ossuary)
  7 orc zombies (Ossuary)
  8 rats
  A spectral orc (D:2)
99 creatures vanquished.

Vanquished Creatures (collateral kills)
  2 ice beasts
  A black bear (D:6)
  A sky beast (D:5)
  An ogre (D:4)
  A centaur (D:7)
  A big kobold (D:8)
  2 elf zombies (Ossuary)
  3 bullfrogs
  A howler monkey (D:5)
  A centaur zombie (D:4)
  A hound (D:5)
  A bullfrog zombie (D:5)
  2 orc priests
  4 orc wizards
  A jelly (D:5)
  Jessica (D:2)
  3 iguanas
  Natasha (D:4)
  2 worker ants
  2 big kobold zombies (Ossuary)
  2 mummies (Ossuary)
  4 adders
  An ufetubus (D:7)
  An ooze (D:3)
  4 leopard geckos
  16 orcs
  3 giant cockroaches
  5 goblins
  9 hobgoblins
  3 jackals
  A bat (D:1)
  2 goblin zombies (Ossuary)
  2 hobgoblin zombies (Ossuary)
  A jackal zombie (Ossuary)
  5 kobolds
  A kobold zombie (Ossuary)
  2 orc zombies (Ossuary)
  2 rats
  3 rat zombies (Ossuary)
99 creatures vanquished.

Grand Total: 198 creatures vanquished

Notes
Turn   | Place    | Note
-------+----------+-------------------------------------------
     0 | D:1      | Drevant2 the Tengu Summoner began the quest for the Orb.
     0 | D:1      | Reached XP level 1. HP: 10/10 MP: 4/4
   117 | D:1      | Reached skill level 5 in Summonings
   382 | D:1      | Reached XP level 2. HP: 15/15 MP: 6/6
  1211 | D:1      | Learned a level 2 spell: Call Imp
  1377 | D:2      | Noticed Jessica
  1442 | D:2      | Killed Jessica
  1443 | D:2      | Reached skill level 6 in Summonings
  1443 | D:2      | Reached XP level 3. HP: 13/19 MP: 3/7
  1544 | D:2      | Found a basalt altar of Yredelemnul.
  2253 | D:2      | Reached XP level 4. HP: 12/24 MP: 5/8
  2532 | D:2      | Learned a level 3 spell: Call Canine Familiar
  3080 | D:3      | Reached skill level 7 in Summonings
  3296 | D:3      | Found an opulent altar of Gozag.
  3494 | D:4      | Gained mutation: You can fly continuously. [Tengu growth]
  3494 | D:4      | Reached XP level 5. HP: 28/28 MP: 9/9
  3777 | D:4      | Noticed Natasha
  3784 | D:4      | Killed Natasha
  3789 | D:4      | Noticed an ogre
  3825 | D:4      | Found Tosez's Book Shoppe.
  3919 | D:4      | Noticed Natasha
  3924 | D:4      | Killed Natasha
  4151 | D:4      | Found a sand-covered staircase.
  4159 | Ossuary  | Entered an ossuary
  4582 | Ossuary  | Reached XP level 6. HP: 32/32 MP: 6/11
  4615 | Ossuary  | Reached skill level 8 in Summonings
  5323 | D:4      | Reached XP level 7. HP: 32/36 MP: 10/13
  5493 | D:4      | Noticed Natasha
  5500 | D:4      | Killed Natasha
  5618 | D:5      | Entered Level 5 of the Dungeon
  5799 | D:5      | Reached skill level 9 in Summonings
  7655 | D:6      | Reached skill level 10 in Summonings
  7851 | D:6      | Found a blossoming altar of Fedhas.
  7902 | D:6      | Reached XP level 8. HP: 41/41 MP: 11/15
  8819 | D:7      | Noticed Joseph
  8854 | D:8      | Reached skill level 5 in Spellcasting
  8967 | D:8      | Reached skill level 11 in Summonings
  9687 | D:7      | Found a staircase to the Ecumenical Temple.
  9696 | Temple   | Entered the Ecumenical Temple
  9824 | Temple   | Became a worshipper of Sif Muna the Loreminder
 10162 | D:8      | Noticed a troll
 10191 | D:7      | Noticed Harold
 10356 | D:7      | Killed from afar by Joseph

Illustrated notes

Levels and vault maps discovered:
D:1:      amcnicky_arrival_gap_in_the_tavern_cellar, layout_basic,
          serial_curves, eino_curves_04, eino_curves_01
D:2:      layout_loops_ring, yredelemnul_forgotten_temple_becter, uniq_jessica
D:3:      layout_rooms, minmay_misc_feat_encased, st_stairs_11,
          grunt_gozag_statues
D:4:      cheibrodos_greedy_goblins, layout_basic, chequers_ossuary_entry_cave,
          serial_shops, nicolae_shop_stone, st_stairs_9, uniq_natasha
D:5:      minmay_skewed_foursquare, layout_basic
D:6:      layout_loops_ring, fedhas_altar_4
D:7:      layout_basic, minmay_temple_entry_wispy, uniq_joseph, uniq_harold
D:8:      layout_loops_ring, erik_lair_island
Temple:   regret_index_temple_chain_breaker

Skill      XL: |  1  2  3  4  5  6  7  8 |
---------------+-------------------------+-----
Summonings     | 5 6 7 8 10 11 | 11.6
Spellcasting   | 3 4 5 |  5.5
Dodging        | |  2.2
Stealth        | |  2.0
Unarmed Combat | |  0.2

Action                   |  1- 3 |  4- 6 |  7- 9 || total
-------------------------+-------+-------+-------++-------
Melee: Unarmed           |    11 |       |       ||    11
       Kick              |    17 |    50 |    50 ||   117
       Dagger            |    54 |   217 |   234 ||   505
       Peck              |    13 |    28 |    41 ||    82
 Cast: Summon Small Mamm |    15 |     2 |     3 ||    20
       Call Imp          |     4 |    16 |    15 ||    35
       Call Canine Famil |       |     8 |    28 ||    36
  Use: Potion            |       |     3 |     1 ||     4
       Scroll            |       |       |     6 ||     6
 Stab: Sleeping          |     2 |     4 |     6 ||    12
       Distracted        |       |     2 |       ||     2
Armor: Robe              |    18 |    25 |    22 ||    65
Dodge: Dodged            |    49 |   123 |   130 ||   302
Block: Other             |       |       |    53 ||    53
       Reflection        |       |       |     8 ||     8
